 Dungeon Sprint DCSS version 0.29-a0-512-gf59ac788ac (webtiles) character file.

Game seed: 273932810967854585

46416 mhtbhm the Slayer (level 14, -10/162 HPs)
             Began as a Minotaur Berserker on May 29, 2022.
             Was a High Priest of Trog.
             Mangled by Tiamat
             ... wielding a +3 bardiche of distortion
              (16 damage)
             ... in the Dungeon (Sprint VII: "The Pits").
             The game lasted 00:09:17 (6483 turns).

mhtbhm the Slayer (Minotaur Berserker)              Turns: 6483, Time: 00:09:18

Health: -10/162    AC: 24    Str: 26    XL:     14   Next: 4%
Magic:  13/13      EV: 16    Int:  4    God:    Trog [*****.]
Gold:   27         SH:  0    Dex:  9    Spells: 13/13 levels left

rFire   + . .      SeeInvis .   q - +6 battleaxe "Hapanona" {flame, rPois rCorr Str-2}
rCold   . . .      Faith    .   (shield currently unavailable)
rNeg    . . .      Spirit   .   b - +4 chain mail
rPois   +          Reflect  .   (helmet restricted)
rElec   .          Harm     .   (no cloak)
rCorr   +          Rampage  .   p - +0 pair of gloves
Will    +....      NoTele   +   o - +0 pair of boots
Stlth   ..........              (no amulet)
HPRegen 0.37/turn               k - +3 ring of evasion
MPRegen 0.13/turn               y - ring of protection from fire

@: on berserk cooldown, hasted and slowed
A: horns 2, retaliatory headbutt
a: Renounce Religion, Berserk, Trog's Hand, Brothers in Arms


You were in the Dungeon.
You worshipped Trog.
Trog was extremely pleased with you.
You visited 1 branch You collected 27 gold pieces.

Inventory:

Hand Weapons
 a - a +5 vorpal battleaxe
 q - the +6 battleaxe "Hapanona" (weapon) {flame, rPois rCorr Str-2}
   (Trog gifted it to you in the Dungeon)

   It burns those it strikes, dealing additional fire damage.
   Big, fiery blades are also staple armaments of hydra-hunters.
   Str:       It affects your strength (-2).
   rPois:     It protects you from poison.
   rCorr:     It protects you from acid and corrosion.
Armour
 b - a +4 chain mail (worn)
 o - a +0 pair of boots (worn)
 p - a +0 pair of gloves (worn)
Jewellery
 h - the ring of Ocaris {rF+ rN+++ Str+3 Int-4 Slay+4}
   (You found it in the Dungeon)

   [ring of slaying]

   Str:       It affects your strength (+3).
   Int:       It affects your intelligence (-4).
   Slay:      It affects your accuracy & damage with ranged weapons and melee
   (+4).
   rF:        It protects you from fire.
   rN:        It renders you almost immune to negative energy.
 k - a +3 ring of evasion (left hand)
 w - a ring of protection from cold
 y - a ring of protection from fire (right hand)
Wands
 z - a wand of iceblast (7)
Scrolls
 j - a scroll of summoning
 r - a scroll of fog
 s - 10 scrolls of enchant weapon
 t - a scroll of fear
 u - 3 scrolls of identify
 v - a scroll of brand weapon
 x - 3 scrolls of magic mapping
 A - a scroll of silence
Potions
 c - 7 potions of curing
 d - 10 potions of heal wounds
 e - 2 potions of haste
 f - 4 potions of magic
 g - 6 potions of berserk rage
 i - 2 potions of invisibility
 m - a potion of might
 n - 2 potions of mutation
Miscellaneous
 l - a condenser vane


   Skills:
 + Level 25.4 Fighting
 + Level 25.4 Axes
 + Level 24.1 Armour
 + Level 11.9 Dodging
 + Level 7.1 Stealth
 + Level 1.6 Evocations


You had 13 spell levels left.
You didn't know any spells.
Your spell library was empty.

Dungeon Overview and Level Annotations

Branches:
Dungeon (1/1)

Altars:
Gozag
Hepliaklqana
Sif Muna
Trog
Jiyva

Annotations:
D Tiamat


Innate Abilities, Weirdness & Mutations

You have a pair of horns on your head.
You reflexively headbutt those who attack you in melee.


Message History

You hit Tiamat.
Tiamat is moderately wounded.
Unknown command.
Tiamat barely misses you.
You feel a strong urge to attack something.
You are no longer berserk.
You are exhausted.
You feel yourself slow down.
Your stone giant hits Tiamat but does no damage.
Tiamat breathes fire at you.
The searing blast hits your stone giant!!!
The searing blast hits you! You resist.
* * * LOW HITPOINT WARNING * * *
Your stone giant hits Tiamat!
Unknown command.
You feel better.
Your stone giant misses Tiamat.
Tiamat hits your stone giant with a +3 bardiche of distortion!!
Space warps horribly around your stone giant!
Tiamat tail-slaps your stone giant!!
Your stone giant hits Tiamat.
Unknown command.
Your ogre goes berserk!
Tiamat hits your stone giant with a +3 bardiche of distortion!!!
Your stone giant dies!
Your stone giant's corpse disappears in a puff of smoke!
Unknown command.
You feel much better.
Unknown command.
You feel much better.
Your ogre misses Tiamat.
Tiamat hits your ogre with a +3 bardiche of distortion!!!
Your ogre dies!
Your ogre's corpse disappears in a puff of smoke!
Unknown command.
Tiamat hits you from afar with a +3 bardiche of distortion.
Space warps around you.
Unknown command.
Your troll goes berserk!
Tiamat hits you from afar with a +3 bardiche of distortion!!!
* * * LOW HITPOINT WARNING * * *
Space warps horribly around you!
You die...

#########
........#
........#
#'# #####
#'#
#'d.##
#.#
#.##ยง.+#
#)# #
+#@.#+
#)#
##..##
#'#
+#T.+#
#)#
##..###'#
##..##.#
+#..##'#
##).###)#
#+..##
#'#
#..'##
#.#


You could see Tiamat (ally target) and a friendly troll (summoned, berserk).

Vanquished Creatures
  A royal mummy (D)
  A Tzitzimitl (D)
  A titan (D)
  A deep elf master archer (D)
  A Hell Sentinel (D)
  An acid blob (D)
  A death cob (D)
  An azure jelly (D)
  3 balrugs (D)
  A frost giant (D)
  A vampire knight (D)
  Azrael (D)
  2 eidola (D)
  A blizzard demon (D)
  A fire dragon (D)
  A hell beast (D)
  10 two-headed ogres (D)
  2 ogre magi (D)
  2 catoblepae (D)
  A spriggan berserker (D)
  A sun demon (D)
  3 hell knights (D)
  A large abomination (D)
  A shadow wraith (D)
  A sea snake (D)
  A deep troll (D)
  2 bog bodies (D)
  A lindwurm (D)
  5 harpies (D)
  An orc knight (D)
  4 necromancers (D)
  2 manticores (D)
  A molten gargoyle (D)
  A cane toad (D)
  An unseen horror (D)
  A guardian mummy (D)
  A tyrant leech (D)
  A polar bear (D)
  A troll (D)
  A tarantella (D)
  5 blink frogs (D)
  2 jumping spiders (D)
  A flying skull (D)
  2 spriggans (D)
  Eustachio (D)
  2 fire elementals (D)
  A basilisk (D)
  4 redbacks (D)
  3 wargs (D)
  An acid dragon (D)
  2 floating eyes (D)
  8 hell hounds (D)
  A black bear (D)
  3 orc warriors (D)
  4 ogres (D)
  A wolf (D)
  2 scorpions (D)
  4 wights (D)
  A crimson imp (D)
  A hound (D)
  A hell rat (D)
  3 gnolls (D)
  An adder (D)
  2 river rats (D)
  2 ufetubi (D)
  An adder zombie (D)
  5 orcs (D)
  An endoplasm (D)
  A goblin (D)
  A hobgoblin (D)
  2 quokkas (D)
  A bat (D)
  2 frilled lizards (D)
  A kobold (D)
  A quokka zombie (D)
  A rat (D)
140 creatures vanquished.

Vanquished Creatures (collateral kills)
  An iron troll (D)
  A guardian serpent (D)
2 creatures vanquished.

Grand Total: 142 creatures vanquished

Notes
Turn   | Place    | Note
-------+----------+-------------------------------------------
     0 | D        | mhtbhm the Minotaur Berserker began the quest for the Orb.
     0 | D        | Reached XP level 1. HP: 19/19 MP: 0/0
    51 | D        | Reached ** piety under Trog
    89 | D        | Reached skill level 5 in Fighting
    89 | D        | Reached skill level 5 in Axes
    89 | D        | Reached XP level 2. HP: 17/29 MP: 1/1
   304 | D        | Noticed a black bear
   306 | D        | Reached *** piety under Trog
   314 | D        | Killed a black bear
   315 | D        | Reached XP level 3. HP: 7/39 MP: 2/2
   315 | D        | Reached XP level 4. HP: 8/47 MP: 3/3
   595 | D        | Found a bloodstained altar of Trog.
   595 | D        | Found a shimmering blue altar of Sif Muna.
   595 | D        | Found a viscous altar of Jiyva.
   595 | D        | Found a hazy altar of Hepliaklqana.
   595 | D        | Found an opulent altar of Gozag.
   618 | D        | Noticed a wolf
   618 | D        | Noticed a floating eye
   619 | D        | Noticed an ogre
   621 | D        | Noticed a scorpion
   621 | D        | Paralysed by a floating eye for 2 turns
   625 | D        | Killed a floating eye
   625 | D        | Reached **** piety under Trog
   626 | D        | Reached skill level 10 in Axes
   626 | D        | Reached XP level 5. HP: 51/57 MP: 4/4
   629 | D        | Killed an ogre
   630 | D        | Reached skill level 5 in Armour
   630 | D        | Reached skill level 5 in Dodging
   630 | D        | Reached XP level 6. HP: 49/64 MP: 5/5
   632 | D        | Reached skill level 10 in Fighting
   878 | D        | Noticed a flying skull
   890 | D        | Killed a flying skull
   890 | D        | Reached ***** piety under Trog
   891 | D        | Reached XP level 7. HP: 39/73 MP: 6/6
  1059 | D        | Killed an unseen horror
  1229 | D        | Noticed a tarantella
  1233 | D        | Killed a tarantella
  1234 | D        | Reached XP level 8. HP: 83/83 MP: 7/7
  1409 | D        | Reached skill level 15 in Axes
  1412 | D        | Killed a shadow wraith
  1413 | D        | Reached skill level 10 in Armour
  1589 | D        | Noticed a lindwurm
  1589 | D        | Noticed a vampire knight
  1605 | D        | Killed a lindwurm
  1605 | D        | Reached ****** piety under Trog
  1606 | D        | Reached XP level 9. HP: 51/93 MP: 8/8
  1607 | D        | Killed a vampire knight
  1607 | D        | Received a gift from Trog
  1843 | D        | Noticed a two-headed ogre
  1843 | D        | Noticed a two-headed ogre
  1844 | D        | Noticed a two-headed ogre
  1845 | D        | Noticed an ogre mage
  1845 | D        | Noticed a two-headed ogre
  1846 | D        | Noticed a two-headed ogre
  1846 | D        | Noticed a two-headed ogre
  1854 | D        | Killed a two-headed ogre
  1854 | D        | Killed a two-headed ogre
  1854 | D        | Killed a two-headed ogre
  1855 | D        | Reached skill level 15 in Fighting
  1855 | D        | Reached skill level 1 in Stealth
  1855 | D        | Reached XP level 10. HP: 66/105 MP: 9/9
  1856 | D        | Killed a two-headed ogre
  1857 | D        | Reached skill level 15 in Armour
  1861 | D        | Killed a two-headed ogre
  1865 | D        | Received a gift from Trog
  1867 | D        | Killed a two-headed ogre
  1867 | D        | Killed an ogre mage
  2223 | D        | Noticed a bog body
  2231 | D        | Killed a bog body
  2232 | D        | Reached XP level 11. HP: 116/116 MP: 10/10
  2239 | D        | Received a gift from Trog
  2267 | D        | Noticed a death cob
  2268 | D        | Noticed Azrael
  2280 | D        | Killed a death cob
  2280 | D        | Received a gift from Trog
  2287 | D        | Received a gift from Trog
  2288 | D        | Killed Azrael
  2600 | D        | Noticed a balrug
  2610 | D        | Killed a balrug
  2670 | D        | Noticed a balrug
  2675 | D        | Killed a balrug
  2931 | D        | Noticed a sea snake
  2931 | D        | Noticed an eidolon
  2943 | D        | Killed a sea snake
  2943 | D        | Received a gift from Trog
  2946 | D        | Killed an eidolon
  3313 | D        | Reached XP level 12. HP: 122/132 MP: 11/11
  3361 | D        | Received a gift from Trog
  3423 | D        | Received a gift from Trog
  3547 | D        | Noticed an ogre mage
  3547 | D        | Noticed a two-headed ogre
  3547 | D        | Noticed a two-headed ogre
  3547 | D        | Noticed a two-headed ogre
  3548 | D        | Noticed a two-headed ogre
  3549 | D        | Noticed a catoblepas
  3556 | D        | Killed a two-headed ogre
  3556 | D        | Identified the +6 battleaxe "Hapanona" {flame, rPois rCorr
                  | Str-2} (Trog gifted it to you in the Dungeon)
  3556 | D        | Received a gift from Trog
  3564 | D        | Killed a two-headed ogre
  3567 | D        | Killed a two-headed ogre
  3568 | D        | Killed a two-headed ogre
  3576 | D        | Killed a catoblepas
  3576 | D        | Received a gift from Trog
  3580 | D        | Killed an ogre mage
  3937 | D        | Noticed Eustachio
  3940 | D        | Received a gift from Trog
  3941 | D        | Reached skill level 5 in Stealth
  3948 | D        | Paralysed by a floating eye for 3 turns
  3953 | D        | Received a gift from Trog
  3957 | D        | Received a gift from Trog
  3958 | D        | Reached skill level 10 in Dodging
  3960 | D        | Killed Eustachio
  3960 | D        | Received a gift from Trog
  4371 | D        | Noticed a catoblepas
  4371 | D        | Noticed an eidolon
  4371 | D        | Noticed a fire dragon
  4376 | D        | Killed a catoblepas
  4377 | D        | Reached XP level 13. HP: 146/146 MP: 12/12
  4393 | D        | Killed a fire dragon
  4398 | D        | Killed an eidolon
  4419 | D        | Got the ring of Ocaris {rF+ rN+++ Str+3 Int-4 Slay+4}
  4723 | D        | Noticed a blizzard demon
  4727 | D        | Killed a blizzard demon
  4948 | D        | Noticed a royal mummy
  4957 | D        | Noticed an emperor scorpion
  4957 | D        | Noticed an emperor scorpion
  4960 | D        | Killed a royal mummy
  5126 | D        | Noticed an azure jelly
  5135 | D        | Received a gift from Trog
  5144 | D        | Received a gift from Trog
  5151 | D        | Killed an azure jelly
  5360 | D        | Noticed a titan
  5366 | D        | Killed a titan
  5369 | D        | Noticed a deep elf master archer
  5373 | D        | Killed a deep elf master archer
  5374 | D        | Reached skill level 1 in Evocations
  5529 | D        | Noticed a Hell Sentinel
  5539 | D        | Killed a Hell Sentinel
  5878 | D        | Noticed a Tzitzimitl
  5882 | D        | Killed a Tzitzimitl
  5987 | D        | Noticed a balrug
  5995 | D        | Killed a balrug
  5995 | D        | Received a gift from Trog
  6153 | D        | Noticed a frost giant
  6153 | D        | Noticed an acid blob
  6159 | D        | Killed a frost giant
  6160 | D        | Reached XP level 14. HP: 78/162 MP: 13/13
  6160 | D        | Killed an acid blob
  6455 | D        | Found the +4 dragonskin cloak
  6455 | D        | Noticed Tiamat
  6483 | D        | HP: 6/162 [Tiamat/+3 bardiche of distortion (47)]
  6483 | D        | Mangled by Tiamat

Illustrated notes

Levels and vault maps discovered:
D:        pitsprint [storerooms_1, entrance_room_1, metal_vault_2, armoury_2,
          mini_pit_1, grid_room_1, main_hall_1, silver_pit, the_coven_2,
          the_vestibule_1, steel_vault_4, golden_pit, hallway_of_sentries,
          crystal_vault_2, iron_vault_5, final_vault]

Skill      XL: |  1  2  3  4  5  6  7  8  9 10 11 12 13 |
---------------+----------------------------------------+-----
Fighting       | 5 7 9 10 11 13 15 16 19 22 25 | 25.4
Axes           | 5 8 10 11 13 14 16 18 19 21 23 25 | 25.4
Armour         | 3 4 5 6 8 11 14 16 19 21 24 | 24.1
Dodging        | 3 4 5 6 7 8 9 10 11 | 11.9
Stealth        | 1 2 7 |  7.1
Evocations     | 1 |  1.6

Action                   |  1- 3 |  4- 6 |  7- 9 | 10-12 | 13-15 || total
-------------------------+-------+-------+-------+-------+-------++-------
Melee: Hand axe          |    19 |    21 |    47 |    58 |       ||   145
       Headbutt          |     2 |     7 |    13 |    34 |    23 ||    79
       Punch             |     1 |       |       |     2 |       ||     3
       Battleaxe         |       |       |       |   103 |    95 ||   198
Invok: Berserk           |     1 |       |     4 |     6 |     4 ||    15
       Brothers in Arms  |       |       |       |       |     6 ||     6
Evoke: Wand              |       |       |       |       |     1 ||     1
       Condenser vane    |       |       |       |       |     1 ||     1
  Use: Potion            |       |       |       |     4 |     7 ||    11
       Scroll            |       |       |       |       |     1 ||     1
 Stab: Petrified         |       |       |       |     5 |       ||     5
       Petrifying        |       |       |       |     3 |       ||     3
Armor: Animal skin       |     6 |       |       |       |       ||     6
       Chain mail        |       |    10 |    26 |   106 |    79 ||   221
Dodge: Dodged            |     9 |    16 |    17 |   127 |    37 ||   206

Table legend: (Time is in decaauts)
 A = Elapsed time spent in this place.
 B = Non-inter-level travel time spent in this place.
 C = Inter-level travel time spent in this place.
 D = Time resting spent in this place.
 E = Time spent auto-exploring this place.
 F = Levels seen in this place.
 G = Mean time per level.
                   A        B        C        D        E       F      G
               +--------+--------+--------+--------+--------+-----+--------+
         Total |   6539 |   6539 |      0 |   4969 |    246 |   1 | 6539.0 |
       Dungeon |   6539 |   6539 |      0 |   4969 |    246 |   1 | 6539.0 |
               +--------+--------+--------+--------+--------+-----+--------+

Top non-repeatable levels by time:
       D: 6539 daAuts
